 Dungeon Crawl Stone Soup version 0.30-a0-141-g30f27751c5 (webtiles) character file.

Game seed: 13276721441957433125

402 qw the Chopper (level 6, 0/39 HPs)
             Began as a Gargoyle Fighter on Sept 25, 2022.
             Slain by an orc wizard
             ... wielding a +2 dagger of protection
              (1 damage)
             ... on level 4 of the Dungeon.
             The game lasted 00:01:17 (3685 turns).

qw the Chopper (Gargoyle Fighter)                   Turns: 3685, Time: 00:01:17

Health: 0/39       AC: 20    Str: 22    XL:     6   Next: 85%
Magic:  6/6        EV:  7    Int:  8    God:
Gold:   195        SH:  0    Dex:  9    Spells: 5/5 levels left

rFire   . . .      SeeInvis .    Y - +1 war axe
rCold   . . .      Faith    .    c - +0 buckler
rNeg    + . .      Spirit   .    k - +0 chain mail
rPois   inf        Reflect  .    q - +0 helmet
rElec   +          Harm     .    m - +2 cloak
rCorr   .          Rampage  .    i - +1 pair of gloves
Will    .....                    (no boots)
Stlth   ..........               (no amulet)
HPRegen 0.13/turn                (no ring)
MPRegen 0.10/turn                (no ring)

@: confused
A: sickness immunity, AC +4, negative energy resistance 1, electricity
resistance, torment resistance 1, petrification resistance
a: no special abilities


You were on level 4 of the Dungeon.
You visited 1 branch of the dungeon, and saw 4 of its levels.

You collected 195 gold pieces.


Innate Abilities, Weirdness & Mutations

You are immune to sickness and miasma.
Your stone body is resilient. (AC +4)
You are immune to poison.
You resist negative energy. (rN+)
You are resistant to electric shocks. (rElec)
You are resistant to unholy torment.
You are immune to petrification.


   Skills:
 - Level 4.7 Fighting
 + Level 5.7 Axes
 - Level 3.2 Armour
 - Level 3.2 Shields


You had 5 spell levels left.
You didn't know any spells.
Your spell library was empty.

Inventory:

Hand Weapons
 f - a +0 whip
 Y - a +1 war axe (weapon)
Armour
 c - a +0 buckler (worn)
 i - a +1 pair of gloves (worn)
 k - a +0 chain mail (worn)
 m - a +2 cloak (worn)
 q - a +0 helmet (worn)
Scrolls
 l - a scroll of identify
Potions
 b - a potion of haste {unknown}
 d - a potion of might
 e - a potion of attraction {unknown}
 g - a potion of mutation {unknown}
 h - a potion of magic {unknown}
 j - a potion of brilliance {unknown}
 p - a potion of degeneration {unknown}

Dungeon Overview and Level Annotations

Branches:
Dungeon (4/15)
 Temple: D:4-7

Altars:
Kikubaaqudgha


Message History

You barely miss something.
Something hits you but does no damage. x2
You closely miss something. Something hits you.
You hit something but do no damage. Something hits you but does no damage.
You completely miss something. Something hits you but does no damage.
You barely miss something. Something hits you but does no damage.
You hit something but do no damage.
Something hits you but does no damage. x2
You miss something. Something hits you but does no damage.
You closely miss something. Something hits you but does no damage.
You miss something.
You hear some strange, mumbled words.
A puff of flame appears from out of thin air!
The puff of flame hits you but does no damage.
You barely miss something. You block something's attack.
Something hits you but does no damage.
You hit something.
You hear some strange, mumbled words.
You are confused.
You're too confused to attack without stumbling around!
There is a strange disturbance nearby!
You hear some strange, mumbled words.
A magic dart appears from out of thin air!
The magic dart hits you.
You're too confused to attack without stumbling around!
There is a strange disturbance nearby!
Something hits you but does no damage.
You're too confused to attack without stumbling around!
There is a strange disturbance nearby!
Something hits you but does no damage.
You're too confused to attack without stumbling around!
There is a strange disturbance nearby!
Something hits you.
You die...

... ...## ...K .o.#
#oo### # # .>...# ##
#...#####.#.##..#.#...
.......@).............
......#){...##........
.<... .....###.##.##..
#... .###### #....#
#.. #. #.#### #. #
#.#####.# #
###.......#
#.....######
#..........#


There were no monsters in sight!

Vanquished Creatures
  An ogre (D:2)
  A phantom (D:4)
  A scorpion (D:4)
  An orc priest (D:4)
  2 orc wizards
  3 adders
  3 worms
  3 dart slugs
  5 orcs
  8 ball pythons
  5 bats
  8 endoplasms
  A giant cockroach (D:1)
  7 goblins
  4 hobgoblins
  2 jackals (D:2)
  8 kobolds
  4 quokkas
  4 frilled lizards
  2 rats
73 creatures vanquished.

Notes
Turn   | Place    | Note
-------+----------+-------------------------------------------
     0 | D:1      | qw the Gargoyle Fighter began the quest for the Orb.
     0 | D:1      | Reached XP level 1. HP: 14/14 MP: 1/1
     0 | D:1      | 0 ||| qw: Version: 0.2-a-10-g399e6c4
     0 | D:1      | 0 ||| qw: Game counter: 358
     0 | D:1      | 0 ||| qw: Always use a shield: true
     0 | D:1      | 0 ||| qw: God list: Okawaru
     0 | D:1      | 0 ||| qw: Allow faded altars: false
     0 | D:1      | 0 ||| qw: Do Orc after D:15 true
     0 | D:1      | 0 ||| qw: Do second Lair branch before Depths: true
     0 | D:1      | 0 ||| qw: Lair rune preference: random
     0 | D:1      | 0 ||| qw: Plans: Normal, Zot:1-4, God:TSO, Crypt, Tomb,
                  | Pan, Slime:5, Hells, Abyss, Orb
     0 | D:1      | 0 ||| PLANNING D:1-11
    31 | D:1      | 31 ||| Stepping ~*~*~tactically~*~*~ (stealth).
    32 | D:1      | 32 ||| Stepping ~*~*~tactically~*~*~ (stealth).
    34 | D:1      | Reached skill level 2 in Axes
    72 | D:1      | Reached XP level 2. HP: 13/19 MP: 2/2
   472 | D:1      | 472 ||| Stepping ~*~*~tactically~*~*~ (stealth).
   474 | D:1      | 474 ||| Stepping ~*~*~tactically~*~*~ (stealth).
   520 | D:1      | Reached skill level 3 in Axes
   528 | D:1      | Reached XP level 3. HP: 15/23 MP: 3/3
  1053 | D:1      | Found a faded altar of an unknown god.
  1191 | D:1      | 1191 ||| UPGRADING to +0 chain mail.
  1201 | D:1      | 1201 ||| DROPPING +0 scale mail.
  1202 | D:1      | 1202 ||| READING scroll labelled NOGAGA XAXZOE.
  1203 | D:1      | 1203 ||| READING scroll labelled ZEKACE WUT XIL.
  1204 | D:1      | 1204 ||| READING scroll labelled DYWATI KAMOXKA.
  1205 | D:1      | 1205 ||| READING scroll labelled AFANAOJIWO.
  1208 | D:1      | 1208 ||| READING scroll labelled KATWIY NOGO.
  1232 | D:2      | 1232 ||| STAIRDANCE
  1344 | D:2      | 1344 ||| STAIRDANCE
  1500 | D:2      | 1500 ||| Stepping ~*~*~tactically~*~*~ (hiding).
  1520 | D:2      | Reached skill level 4 in Axes
  1520 | D:2      | Reached XP level 4. HP: 13/28 MP: 4/4
  1728 | D:2      | 1728 ||| READING scroll labelled FOQYSU CAHYT.
  1729 | D:2      | 1729 ||| Stepping randomly (stuck).
  1730 | D:2      | 1730 ||| Stepping randomly (stuck).
  1731 | D:2      | 1731 ||| Stepping randomly (stuck).
  1738 | D:2      | 1738 ||| READING scroll of teleportation.
  1744 | D:2      | Noticed an ogre
  1750 | D:2      | HP: 5/28 [ogre/+0 giant club (16)]
  1751 | D:2      | Killed an ogre
  1752 | D:2      | Reached skill level 5 in Axes
  1752 | D:2      | Reached XP level 5. HP: 6/32 MP: 5/5
  2168 | D:2      | 2168 ||| Stepping ~*~*~tactically~*~*~ (stealth).
  2507 | D:2      | 2507 ||| UPGRADING to +0 pair of gloves.
  2514 | D:2      | 2514 ||| READING scroll of enchant armour.
  2514 | D:2      | 2514 ||| ENCHANTING +0 pair of gloves.
  2664 | D:2      | 2664 ||| DROPPING ring of flight.
  2665 | D:2      | 2665 ||| READING scroll labelled CUYLUC ZUESOVO.
  3150 | D:3      | Found an ancient bone altar of Kikubaaqudgha.
  3550 | D:3      | 3550 ||| UPGRADING to +2 cloak.
  3555 | D:3      | 3555 ||| UPGRADING to +0 helmet.
  3560 | D:3      | 3560 ||| DROPPING +6 ring of intelligence.
  3561 | D:3      | 3561 ||| READING scroll labelled SUNLIS AMAXT.
  3562 | D:3      | 3562 ||| DRINKING 2 metallic silvery potions.
  3622 | D:4      | Noticed a phantom
  3623 | D:4      | 3623 ||| Stepping ~*~*~tactically~*~*~ (stealth).
  3650 | D:4      | Killed a phantom
  3651 | D:4      | Reached XP level 6. HP: 17/39 MP: 6/6
  3655 | D:4      | 3655 ||| DRINKING potion of curing.
  3655 | D:4      | 3655 ||| (to cure confusion)
  3657 | D:4      | HP: 7/39 [something (3)]
  3666 | D:4      | HP: 6/39 [something (2)]
  3672 | D:4      | HP: 2/39 [something (3)]
  3682 | D:4      | HP: 1/39 [something/magic dart (3)]
  3685 | D:4      | Slain by an orc wizard

Levels and vault maps discovered:
D:1:      saegor_arrival_simple_a, layout_basic,
          dilly_ecumenical_altar_fadedgnrine, minmay_quantized
D:2:      minmay_inner_zag, layout_rooms, serial_rivers,
          chequers_serial_rivers_small_b, chequers_serial_rivers_room_a,
          chequers_serial_rivers_micro_e, chequers_serial_rivers_small_a
D:3:      layout_loops_ring, nicolae_kikubaaqudgha_miasma_corner
D:4:      layout_loops_cross, uniq_edmund, uniq_menkaure, uniq_pikel

Skill      XL: |  1  2  3  4  5 |
---------------+----------------+-----
Axes           | 2 3 4 5 |  5.7
Fighting       | 4 |  4.7
Armour         | |  3.2
Shields        | |  3.2

Action                   |  1- 3 |  4- 6 || total
-------------------------+-------+-------++-------
Melee: War axe           |   114 |   125 ||   239
Throw: Boomerang         |       |    28 ||    28
  Use: Scroll            |     5 |     5 ||    10
       Potion            |       |     2 ||     2
Armor: Scale mail        |    25 |       ||    25
       Chain mail        |    49 |    96 ||   145
Dodge: Dodged            |    59 |    31 ||    90
Block: Buckler           |    18 |    19 ||    37

Table legend:
 A = Non-vault XP
 B = Vault XP
 C = Vault XP percentage of total XP
 D = Non-vault monster count
 E = Vault monster count
 F = Vault count percentage of total count
                 A         B        C        D         E       F
            +---------+---------+-------+---------+---------+-------
      Total |     541 |      34 |   5.9 |      66 |       7 |   9.6
            +---------+---------+-------+---------+---------+-------
        D:1 |      56 |       5 |   8.2 |      24 |       3 |  11.1
        D:2 |     189 |      29 |  13.3 |      21 |       4 |  16.0
        D:3 |      32 |       0 |   0.0 |      14 |       0 |   0.0
        D:4 |     264 |       0 |   0.0 |       7 |       0 |   0.0
            +---------+---------+-------+---------+---------+-------
